 Dungeon Crawl Stone Soup version 0.25-b1-37-g2669288c55 (webtiles) character file.

Game seed: 6007442599587503448

684972 Peloso the Demonic Barricade (level 27, -8/249 HPs)
             Began as a Demonspawn Fighter on June 4, 2020.
             Was the Champion of Okawaru.
             Killed by a guardian mummy's death curse (16 damage)
             ... on level 14 of a ziggurat on June 5, 2020.
             The game lasted 05:03:02 (78104 turns).

Peloso the Demonic Barricade (Demonspawn Fighter)  Turns: 78104, Time: 05:03:02

Health: -8/249     AC: 49    Str: 42 (44) XL:     27
Magic:  28/28      EV: 24    Int: 22      God:    Okawaru [******]
Gold:   5022       SH: 30    Dex: 33 (36) Spells: 31/31 levels left

rFire    + . .     SeeInvis +   a - +7 Screaming Sword {vorpal, sonic wave}
rCold    + + .     Gourm    .   o - +2 kite shield {reflect}
rNeg     + + .     Faith    .   S - +17 crystal plate armour of Forphakk {rN+ Dex+6 SInv}
rPois    .         Spirit   .   d - +4 helmet of the Armadillo {rN+ rCorr Str+4 Dex-3}
rElec    +         Reflect  +   B - scarf {rC+ rF+}
rCorr    +         Harm     .   A - +0 pair of gloves "Dusku" {rElec MR+ Str+4}
MR       ++++.                  (boots unavailable)
Stlth    ..........             M - amulet "Usigikhi" {Reflect +Blink rElec Dex+7 SH+5}
HPRegen  9.51/turn              Q - ring of Interdependent Arising {Str+5 Int+8 Dex+6}
MPRegen  0.21/turn              F - ring "Vehuer" {Str+6 Dex+7}

@: mighty, heroism
A: talons 3, rugged brown scales 3, blurry vision 1, clever 1, cold resistance
1, deformed body, deterioration 2, magic resistance 1, passive freeze, powered
by death 3, powered by pain 3, screaming 2, weak 1, freezing cloud immunity
}: 3/15 runes: decaying, silver, gossamer
a: Heroism, Finesse, Renounce Religion, Evoke Blink


You were on level 14 of a ziggurat.
You worshipped Okawaru.
Okawaru was exalted by your worship.
You were very hungry.

You visited 11 branches of the dungeon, and saw 49 of its levels.
You visited 1 ziggurat, and saw 14 of its levels.
You also visited: Desolation.

You collected 9825 gold pieces.
You spent 4803 gold pieces at shops.

Inventory:

Hand Weapons
 a - the +7 Screaming Sword (weapon) {vorpal, sonic wave}
   (You acquired it on level 3 of the Crypt)

   It inflicts extra damage upon your enemies.
 b - the +2 Maxwell's thermic engine {flame, freeze}
   (You took it off a tengu warrior on level 4 of the Depths)

   It has been specially enchanted to burn those struck by it, causing extra
   injury to most foes and up to half again as much damage against particularly
   susceptible opponents.
   Big, fiery blades are also staple armaments of hydra-hunters.
   It has been specially enchanted to freeze those struck by it, causing extra
   injury to most foes and up to half again as much damage against particularly
   susceptible opponents.
 c - the +8 demon blade "Leech" {vamp, *Rage +Rage rN+}
   (Okawaru gifted it to you in the Desolation of Salt)

   It inflicts no extra harm, but heals its wielder when it wounds a living foe.
   It protects you from negative energy.
   It lets you go berserk.
   It may make you go berserk in combat.
Armour
 d - the +4 helmet of the Armadillo (worn) {rN+ rCorr Str+4 Dex-3}
   (You acquired it on level 5 of the Depths)

   It affects your strength (+4).
   It affects your dexterity (-3).
   It protects you from negative energy.
   It provides partial protection from all sources of acid and corrosion.
 o - a +2 kite shield of reflection (worn)
 A - the +0 pair of gloves "Dusku" (worn) {rElec MR+ Str+4}
   (You bought it in a shop on level 2 of the Orcish Mines)

   It affects your strength (+4).
   It insulates you from electricity.
   It affects your resistance to hostile enchantments.
 B - a scarf of resistance (worn)
 E - the +4 gold dragon scales of Anaesthesia {rPois rF+ rC+ rN+ Dex+6}
   (You found it on level 8 of a ziggurat)

   It affects your dexterity (+6).
   It protects you from fire.
   It protects you from cold.
   It protects you from poison.
   It protects you from negative energy.
 G - the +2 helmet of Theory {rCorr Dex+4}
   (You found it on level 10 of a ziggurat)

   It affects your dexterity (+4).
   It provides partial protection from all sources of acid and corrosion.
 R - the +4 storm dragon scales "Ykiulaz" {rElec rPois rN+ Dex+4}
   (You bought it in a shop on level 2 of the Orcish Mines)

   It affects your dexterity (+4).
   It insulates you from electricity.
   It protects you from poison.
   It protects you from negative energy.
 S - the +17 crystal plate armour of Forphakk (worn) {rN+ Dex+6 SInv}
   (Okawaru gifted it to you on level 2 of the Depths)

   It affects your dexterity (+6).
   It protects you from negative energy.
   It lets you see invisible.
Jewellery
 C - the ring "Fala" {rN+ MR+ EV+4 Stlth+}
   (You found it in the Desolation of Salt)

   [ring of evasion]

   It affects your evasion (+4).
   It protects you from negative energy.
   It affects your resistance to hostile enchantments.
   It makes you more stealthy.
 D - an uncursed ring of flight
 F - the ring "Vehuer" (right hand) {Str+6 Dex+7}
   (You took it off a draconian stormcaller on level 1 of the Realm of Zot)

   [ring of strength]

   It affects your strength (+6).
   It affects your dexterity (+7).
 I - the ring of Phasing {EV+8}
   (You found it on level 10 of a ziggurat)

   [ring of evasion]

   It affects your evasion (+8).
 K - the ring of the Singing Messenger {rC+ MR+ MP+9 Slay+3}
   (You found it on level 11 of a ziggurat)

   [ring of magical power]

   It affects your accuracy and damage with ranged weapons and melee attacks
   (+3).
   It protects you from cold.
   It affects your resistance to hostile enchantments.
   It affects your magic capacity (+9).
 L - the brooch of Shielding {Spirit SH+8}
   (You found it on level 12 of a ziggurat)

   [amulet of guardian spirit]

   It causes incoming damage to be split between your health and magic.
   It affects your SH (+8).
 M - the amulet "Usigikhi" (around neck) {Reflect +Blink rElec Dex+7 SH+5}
   (You found it in the Desolation of Salt)

   [amulet of reflection]

   It shields you and reflects attacks.
   It affects your dexterity (+7).
   It insulates you from electricity.
   It lets you blink.
   It affects your SH (+5).
 Q - the ring of Interdependent Arising (left hand) {Str+5 Int+8 Dex+6}
   (You bought it in a shop on level 1 of the Elven Halls)

   [ring of dexterity]

   It affects your strength (+5).
   It affects your intelligence (+8).
   It affects your dexterity (+6).
Wands
 e - a wand of disintegration (27)
 q - a wand of iceblast (38)
 r - a wand of digging (12)
Scrolls
 g - a scroll of silence
 h - 27 scrolls of teleportation
 i - 4 scrolls of identify
 j - 44 scrolls of remove curse
 n - 4 scrolls of enchant weapon
 p - 2 scrolls of fog
 u - 10 scrolls of fear
 w - a scroll of summoning
 y - 3 scrolls of enchant armour
 z - 6 scrolls of noise
 H - 8 scrolls of blinking
 W - 7 scrolls of magic mapping
Potions
 k - 3 potions of flight
 l - 2 potions of cancellation
 m - 5 potions of heal wounds
 s - a potion of haste
 t - 23 potions of curing
 v - 2 potions of resistance
 x - 2 potions of berserk rage
 O - 8 potions of mutation
 P - 3 potions of might
Comestibles
 f - 77 rations


   Skills:
 + Level 22.9(27) Fighting
 + Level 22.0(27) Long Blades
   Level 2.6(7.6) Maces & Flails
 + Level 2.7(7.7) Throwing
 + Level 17.5(22.5) Armour
 + Level 9.9(14.9) Dodging
 + Level 5.6(10.6) Stealth
 O Level 27 Shields
 + Level 3.0(8.0) Unarmed Combat
 + Level 2.6 Spellcasting
 + Level 7.6 Invocations
 + Level 3.8 Evocations


You had 31 spell levels left.
You didn't know any spells.
Your spell library contained the following spells:

 Spells                   Type           Power        Failure   Level  Hunger
 Animate Skeleton         Necr           N/A          52%         1    None
 Apportation              Tloc           #.....       52%         1    None
 Beastly Appendage        Tmut           #.....       52%         1    None
 Corona                   Hex            #......      52%         1    None
 Foxfire                  Conj/Fire      #...         52%         1    None
 Freeze                   Ice            #...         52%         1    None
 Magic Dart               Conj           #...         52%         1    None
 Pain                     Necr           #...         52%         1    None
 Sandblast                Erth           #.....       52%         1    None
 Shock                    Conj/Air       #...         52%         1    None
 Sting                    Tmut/Pois      #...         52%         1    None
 Summon Butterflies       Summ           #.......     52%         1    None
 Summon Small Mammal      Summ           #...         52%         1    None
 Blink                    Tloc           N/A          65%         2    ##.....
 Call Imp                 Summ           #.......     65%         2    ##.....
 Corpse Rot               Necr/Air       N/A          65%         2    ##.....
 Ensorcelled Hibernation  Hex/Ice        #.....       65%         2    ##.....
 Passwall                 Tmut/Erth      #.......     65%         2    ##.....
 Poisonous Vapours        Pois/Air       #.....       65%         2    ##.....
 Searing Ray              Conj           #.....       65%         2    ##.....
 Shroud of Golubria       Chrm/Tloc      #.....       65%         2    ##.....
 Slow                     Hex            #.......     65%         2    ##.....
 Sticks to Snakes         Tmut           #.......     65%         2    ##.....
 Sublimation of Blood     Necr           #.........   65%         2    ##.....
 Swiftness                Chrm/Air       #.......     65%         2    ##.....
 Call Canine Familiar     Summ           #.......     87%         3    ###....
 Confusing Touch          Hex            #.......     87%         3    ###....
 Conjure Flame            Conj/Fire      #.......     87%         3    ###....
 Dazzling Flash           Conj/Hex       #.....       87%         3    ###....
 Frozen Ramparts          Ice            #.....       87%         3    ###....
 Gell's Gravitas          Tloc           #.........   87%         3    ###....
 Ignite Poison            Fire/Tmut/Pois #.......     87%         3    ###....
 Inner Flame              Hex/Fire       #.......     87%         3    ###....
 Lesser Beckoning         Tloc           #.........   87%         3    ###....
 Mephitic Cloud           Conj/Pois/Air  #.......     87%         3    ###....
 Ozocubu's Armour         Chrm/Ice       #.......     87%         3    ###....
 Portal Projectile        Hex/Tloc       #.....       87%         3    ###....
 Spider Form              Tmut/Pois      #.........   87%         3    ###....
 Static Discharge         Conj/Air       #.......     87%         3    ###....
 Stone Arrow              Conj/Erth      #.....       87%         3    ###....
 Teleport Other           Tloc           #.......     87%         3    ###....
 Tukima's Dance           Hex            #.......     87%         3    ###....
 Vampiric Draining        Necr           #.........   87%         3    ###....
 Animate Dead             Necr           N/A          99%         4    ####...
 Cause Fear               Hex            #.........   99%         4    ####...
 Dispel Undead            Necr           #.......     99%         4    ####...
 Fulminant Prism          Conj/Hex       #.........   99%         4    ####...
 Hailstorm                Conj/Ice       #.......     99%         4    ####...
 Ice Form                 Ice/Tmut       #.......     99%         4    ####...
 Iskenderun's Mystic Bla  Conj/Tloc      #.......     99%         4    ####...
 Leda's Liquefaction      Hex/Erth       #.........   99%         4    ####...
 Olgreb's Toxic Radiance  Pois           #.......     99%         4    ####...
 Passage of Golubria      Tloc           N/A          99%         4    ####...
 Petrify                  Tmut/Erth      #.......     99%         4    ####...
 Sticky Flame             Conj/Fire      #.......     99%         4    ####...
 Summon Ice Beast         Ice/Summ       #.......     99%         4    ####...
 Summon Lightning Spire   Summ/Air       #.......     99%         4    ####...
 Agony                    Necr           #.......     100%        5    ######.
 Alistair's Intoxication  Tmut/Pois      #.......     100%        5    ######.
 Blade Hands              Tmut           #.........   100%        5    ######.
 Bolt of Magma            Conj/Fire/Erth #.........   100%        5    ######.
 Borgnjor's Vile Clutch   Necr/Erth      #.........   100%        5    ######.
 Excruciating Wounds      Chrm/Necr      #.........   100%        5    ######.
 Irradiate                Conj/Tmut      #.........   100%        5    ######.
 Iskenderun's Battlesphe  Conj/Chrm      #.......     100%        5    ######.
 Lee's Rapid Deconstruct  Erth           #.........   100%        5    ######.
 Lightning Bolt           Conj/Air       #.........   100%        5    ######.
 Metabolic Englaciation   Hex/Ice        #.........   100%        5    ######.
 Silence                  Hex/Air        #.........   100%        5    ######.
 Summon Mana Viper        Hex/Summ       #.......     100%        5    ######.
 Yara's Violent Unravell  Hex/Tmut       #.........   100%        5    ######.
 Conjure Ball Lightning   Conj/Air       #.........   100%        6    #######
 Darkness                 Hex            #.........   100%        6    #######
 Death Channel            Necr           #.........   100%        6    #######
 Dispersal                Tloc           #.........   100%        6    #######
 Freezing Cloud           Conj/Ice/Air   #.........   100%        6    #######
 Hydra Form               Tmut           #.........   100%        6    #######
 Invisibility             Hex            #.......     100%        6    #######
 Iron Shot                Conj/Erth      #.........   100%        6    #######
 Ozocubu's Refrigeration  Ice            #.........   100%        6    #######
 Shadow Creatures         Summ           N/A          100%        6    #######
 Simulacrum               Ice/Necr       #.........   100%        6    #######
 Statue Form              Tmut/Erth      #........    100%        6    #######
 Dragon Form              Tmut           #.........   100%        7    #######
 Malign Gateway           Summ/Tloc      #.........   100%        7    #######
 Monstrous Menagerie      Summ           #.........   100%        7    #######
 Orb of Destruction       Conj           #.........   100%        7    #######
 Ring of Flames           Chrm/Fire      #.........   100%        7    #######
 Spellforged Servitor     Conj/Summ      #.........   100%        7    #######
 Summon Greater Demon     Summ           #.........   100%        7    #######
 Summon Hydra             Summ           #.........   100%        7    #######
 Chain Lightning          Conj/Air       #.........   100%        8    #######
 Controlled Blink         Tloc           N/A          100%        8    #######
 Discord                  Hex            #.........   100%        8    #######
 Disjunction              Tloc           #.........   100%        8    #######
 Ignition                 Fire           #.........   100%        8    #######
 Lehudib's Crystal Spear  Conj/Erth      #.........   100%        8    #######
 Summon Horrible Things   Summ           #.........   100%        8    #######
 Absolute Zero            Ice            #.........   100%        9    #######
 Dragon's Call            Summ           #.........   100%        9    #######
 Fire Storm               Conj/Fire      #.........   100%        9    #######
 Shatter                  Erth           #.........   100%        9    #######
 Tornado                  Air            #.........   100%        9    #######


Dungeon Overview and Level Annotations

Branches:
Dungeon (15/15)            Temple (1/1) D:7            Lair (6/6) D:9
  Swamp (4/4) Lair:3       Spider (4/4) Lair:2        Slime (0/5) Lair:6
    Orc (2/2) D:11            Elf (3/3) Orc:2        Vaults (5/5) D:14
  Crypt (3/3) Vaults:2       Tomb (0/3) Crypt:3      Depths (5/5) D:15
    Zot (1/5) Depths:5    Desolation (visited)

Altars:
Ashenzari
Elyvilon
Fedhas
Gozag
Hepliaklqana
Kikubaaqudgha
Makhleb
Nemelex Xobeh
Okawaru
Qazlal
Ru
Sif Muna
Trog
Uskayaw
Vehumet
Wu Jian
Xom
Yredelemnul
Zin
The Shining One
Beogh
Jiyva

Shops:
D:6 [   Orc:1 !   Orc:2 *[:(*   Elf:1 (=   Elf:2 :   Depths:4 *

Portals:
Hell: Depths:1 Depths:2 Depths:3 Depths:4 Depths:5
Abyss: Depths:4
Pandemonium: Depths:1 Depths:3


Innate Abilities, Weirdness & Mutations

You have claws for feet.
You are completely covered in rugged brown scales. (AC +3, +7% HP)
Your flesh is cold resistant. (rC+)
A frigid envelope surrounds you and freezes all who hurt you.
You regenerate a lot of health from kills.
You are powered by pain.
You are immune to freezing clouds.
Scrolls take you a little longer to read.
Your mind is acute. (Int +2)
Armour fits poorly on your strangely shaped body.
Your body often deteriorates upon taking damage.
You are resistant to hostile enchantments. (MR+)
You sometimes yell uncontrollably at your foes.
You are weak. (Str -2)


Message History

You destroy the guardian mummy!
Okawaru accepts your kill.
The ice devil is almost dead.
You kill the emperor scorpion!
The emperor scorpion's corpse disappears in a puff of smoke!
You feel extremely nervous for a moment...
Your body is wracked with pain!
* * * LOW HITPOINT WARNING * * *
You feel extremely nervous for a moment...
You are engulfed in negative energy!
You feel clumsy.
You feel extremely nervous for a moment...
Pain shoots through your body!
* * * LOW HITPOINT WARNING * * *
You feel extremely nervous for a moment...
Pain shoots through your body!
* * * LOW HITPOINT WARNING * * *
You feel extremely nervous for a moment...
Pain shoots through your body!
You die...

..............▓
..........§......▓
....○...§.§.....∩▓
...Z....§.§......▓
........Z........▓
##.....###M......▓
P#.....#§#§§.....▓
##.....###.§.....▓
.......ZM@▓▓▓▓▓▓▓▓
......Z.4§▓
..........▓
..........▓
▓▓▓▓▓▓▓▓▓▓▓


You could see 2 greater mummies, an ice devil (summoned), a storm dragon zombie,
a tengu reaver zombie, a deep elf high priest skeleton and a deep elf
demonologist skeleton.

Vanquished Creatures
  3 orbs of fire (Zot:1)
  Mennas (Crypt:2)
  2 ancient liches (Crypt:3)
  6 juggernauts
  5 greater mummies
  Sojobo (Crypt:2)
  A shard shrike (Zig:12)
  Saint Roka (Depths:5)
  6 caustic shrikes
  Xtahua (Vaults:3)
  Nikola (Spider:1)
  6 golden dragons
  Jory (Depths:5)
  Arachne (Spider:3)
  A Tzitzimitl (Zig:8)
  2 bone dragons
  3 Brimstone Fiends
  Rupert (Lair:6)
  8 liches
  2 Ice Fiends (Zig:8)
  14 tentacled monstrosities
  5 titans
  3 quicksilver dragons
  3 deep elf master archers
  2 deep elf blademasters (Elf:3)
  2 pandemonium lords
  3 ancient champions (Crypt:1)
  A death cob (Zot:1)
  An Executioner (Zig:8)
  8 tengu reavers
  3 acid blobs
  8 shadow dragons
  12 sphinxes
  Gastronok (D:9)
  2 draconian monks
  3 thorn hunters
  Roxanne (D:14)
  8 storm dragons
  2 nagarajas (Zig:10)
  15 frost giants
  The ghost of Rygut the Fighter, a journeyman DrFi of Ashenzari (Orc:1)
  12 deep elf sorcerers
  8 fire giants
  An imperial myrmidon (Desolation)
  5 draconian knights (Zot:1)
  A draconian scorcher (Zot:1)
  3 draconian shifters (Zot:1)
  Aizul (Elf:1)
  2 balrugs (Zig:7)
  19 vault wardens
  11 orc warlords
  3 iron dragons
  3 ghouls
  6 ghost moths
  4 curse skulls
  8 emperor scorpions
  10 ironheart preservers
  4 spriggan defenders
  6 deep elf elementalists
  31 very ugly things
  4 draconian stormcallers (Zot:1)
  A reaper (Zig:12)
  4 war gargoyles
  4 entropy weavers
  20 stone giants
  3 vampire knights
  7 green draconians
  2 bennus (Zig:14)
  4 deep elf demonologists
  6 purple draconians (Zot:1)
  5 dire elephants (Lair:6)
  6 white draconians
  4 black draconians (Zot:1)
  12 spark wasps
  3 red draconians
  2 halazid warlocks (Desolation)
  8 deep elf annihilators
  5 blizzard demons
  5 yellow draconians (Zot:1)
  9 ettins
  The ghost of Elvor the Cleaver, a journeyman DDFi of Elyvilon (D:12)
  4 eidola (Crypt:1)
  A merfolk javelineer (Depths:3)
  A green death (Zig:8)
  An ettin (shapeshifter) (Depths:3)
  10 fire dragons
  3 crystal guardians
  12 deep elf death magi
  6 jiangshi
  An ice dragon (shapeshifter) (Vaults:4)
  23 yaktaur captains
  13 ice dragons
  4 mummy priests
  11 deep elf high priests
  9 servants of whispers (Desolation)
  8 great orbs of eyes
  2 naga warriors (Zig:10)
  8 ragged hierophants (Desolation)
  10 peacekeepers
  4 rakshasas
  2 ghost crabs (Lair:5)
  6 spriggan air magi
  11 centaur warriors
  A catoblepas (Vaults:4)
  44 vault guards
  Erica (D:11)
  2 shambling mangroves
  25 hydras
  36 two-headed ogres
  4 death knights
  A two-headed ogre (shapeshifter) (Vaults:5)
  2 death scarabs (Zig:13)
  27 dancing weapons
  3 anacondas
  14 alligators
  5 deep troll shamans
  10 ogre magi
  2 deep troll earth magi
  5 naga sharpshooters
  5 tengu warriors
  5 vampire magi
  10 spriggan berserkers
  A satyr (Zig:6)
  Nergalle (D:11)
  A titan zombie (Zig:12)
  A shock serpent (Zig:10)
  7 orc high priests
  A soul eater (Zig:7)
  13 spriggans
  20 deep elf knights
  6 fire crabs (Lair:5)
  A titan skeleton (Zig:12)
  2 storm dragon skeletons
  14 hell knights
  2 spark wasp zombies
  An iron troll (Zig:11)
  41 skeletal warriors
  A sixfirhy (Zig:7)
  An anaconda zombie (Crypt:3)
  A glowing orange brain (Vaults:1)
  A large abomination (Elf:3)
  A shadow wraith (Vaults:1)
  5 unseen horrors
  An iron giant zombie (Crypt:1)
  A spriggan druid (Swamp:3)
  7 flayed ghosts
  13 swamp dragons
  14 deep trolls
  16 deep elf archers
  2 lindwurms (shapeshifter)
  An orange crystal statue (Elf:1)
  3 lindwurms (Swamp:4)
  A shadow demon (Zig:7)
  A shadow dragon zombie (Zig:13)
  16 ironbrand convokers
  A spectral wolf spider (D:12)
  16 orb spiders
  6 wizards
  67 deep elf magi
  7 phantasmal warriors
  A wolf spider zombie (D:15)
  4 necromancers
  12 orc sorcerers
  A wolf spider (shapeshifter) (Depths:2)
  19 orc knights
  A sphinx zombie (Crypt:1)
  28 wolf spiders
  An orb spider (shapeshifter) (Vaults:4)
  2 small abominations (Vaults:1)
  A faun (Zig:6)
  A moth of wrath (shapeshifter) (Depths:4)
  63 ugly things
  A mana viper (Zig:10)
  5 cyclopes
  An oklob plant (Lair:5)
  2 shining eyes (Zig:5)
  An iron dragon skeleton (Crypt:3)
  2 manticores
  A frost giant zombie (Crypt:3)
  A spectral centaur (D:12)
  14 moths of wrath
  2 fire giant skeletons
  A shadow dragon skeleton (Crypt:3)
  8 elephants (Lair:6)
  6 centaur zombies
  6 guardian serpents
  A torpor snail (Spider:3)
  An ice statue (Lair:5)
  A guardian serpent (shapeshifter) (Depths:4)
  4 naga magi
  2 stone giant skeletons
  An apocalypse crab (Lair:5)
  7 black mambas
  A molten gargoyle (Desolation)
  21 vault sentinels
  4 gargoyles (Crypt:3)
  A dire elephant skeleton (Crypt:3)
  5 smoke demons (Crypt:3)
  A spiny frog (shapeshifter) (Depths:1)
  16 spiny frogs
  A rime drake (shapeshifter) (Vaults:2)
  2 elf skeletons (Zig:13)
  A swamp worm zombie (Crypt:2)
  2 tormentors
  6 komodo dragons
  4 kobold demonologists
  A rime drake (Lair:5)
  15 freezing wraiths
  A hellion (Zig:3)
  61 yaktaurs
  A hellwing (Zig:7)
  8 demonic crawlers
  An ice devil (Lair:5)
  A catoblepas skeleton (Crypt:1)
  2 yaktaur skeletons (Vaults:2)
  22 guardian mummies
  55 yaks
  5 red devils
  4 tengu conjurers
  A troll (shapeshifter) (Depths:4)
  A jumping spider (shapeshifter) (Depths:4)
  A meliai (shapeshifter) (Depths:1)
  7 polar bears
  17 trolls
  37 jumping spiders
  12 meliai
  A merfolk (shapeshifter) (Vaults:4)
  A wolf spider simulacrum (D:12)
  11 bog bodies
  4 tyrant leeches
  Grinder (D:2)
  An alligator zombie (Crypt:1)
  19 hornets
  61 saltlings (Desolation)
  58 slime creatures
  4 blink frogs (Lair:5)
  A fire dragon zombie (Zig:3)
  A meliai zombie (D:11)
  4 dream sheep (Lair:3)
  13 hippogriffs
  3 ettin skeletons (Vaults:2)
  7 flying skulls
  A centaur simulacrum (D:12)
  6 shadows
  An alligator skeleton (Crypt:3)
  24 tarantellas
  75 redbacks
  4 water elementals
  A tarantella (shapeshifter) (Vaults:3)
  A wyvern (shapeshifter) (Vaults:1)
  2 wyverns
  A redback (shapeshifter) (Vaults:1)
  5 ushabtiu
  4 fire elementals
  3 basilisks
  A golden eye (Zig:5)
  14 wraiths
  4 hungry ghosts (Crypt:3)
  2 steam dragons
  17 vampire mosquitoes
  3 nagas (Zig:10)
  3 tengu zombies
  16 wargs
  4 insubstantial wisps (Swamp:4)
  A human simulacrum (Vaults:1)
  A spiny frog zombie (Crypt:2)
  A monstrous demonspawn zombie (Crypt:1)
  4 neqoxecs (Orc:1)
  6 acid dragons
  10 water moccasins
  A soldier ant (D:11)
  18 swamp worms
  A floating eye (Zig:5)
  10 porcupines
  The ghost of
  1994 the Chucker, an amateur OgHu of Uskayaw (D:4)
  67 orc warriors
  9 swamp drakes
  6 ice beasts
  5 phantoms
  2 black bears
  39 ogres
  5 sky beasts
  4 necrophages
  16 boggarts
  19 wolves
  A manticore zombie (Crypt:1)
  27 centaurs
  10 crocodiles
  A swamp dragon skeleton (Crypt:3)
  2 big kobolds (shapeshifter)
  3 gnoll sergeants
  15 bullfrogs
  An earth elemental (Elf:3)
  8 human skeletons
  2 wyvern skeletons
  2 wyvern zombies
  3 scorpions
  28 wights
  An electric eel (Spider:1)
  8 crimson imps
  5 howler monkeys
  2 human zombies
  5 quasits
  9 hounds
  6 jellies
  2 bullfrog zombies
  A gnoll shaman (D:4)
  29 orc priests
  45 orc wizards
  5 bullfrog skeletons
  7 centaur skeletons
  4 iguanas
  11 worker ants
  A tengu skeleton (Crypt:3)
  A dwarf skeleton (Crypt:2)
  2 naga skeletons
  2 hound zombies
  A hound skeleton (D:4)
  20 mummies
  Robin (D:2)
  A howler monkey zombie (Crypt:1)
  A worker ant zombie (D:9)
  A howler monkey skeleton (Crypt:1)
  17 gnolls
  17 adders
  3 shadow imps
  2 white imps
  2 oozes
  An adder skeleton (D:6)
  2 worms
  A barachi skeleton (Crypt:2)
  7 dart slugs
  10 leopard geckos
  126 orcs
  7 bats
  3 giant cockroaches
  16 goblins
  5 hobgoblins
  12 jackals
  15 kobolds
  6 quokkas
  5 ball pythons
  5 frilled lizards
  A giant cockroach zombie (D:5)
  A gnoll zombie (Crypt:1)
  A jackal skeleton (D:4)
  A jackal zombie (D:7)
  A kobold skeleton (Crypt:2)
  2 quokka skeletons
  8 rats
  2 briar patches (Swamp:2)
  A crawling corpse (Vaults:1)
  2 fungi
  6 plants
2741 creatures vanquished.

Vanquished Creatures (collateral kills)
  Maurice (D:9)
1 creature vanquished.

Vanquished Creatures (others)
  A lich (Depths:2)
  A green draconian (Zot:1)
  A deep elf annihilator (Elf:3)
  A shadow wraith (Vaults:5)
  2 deep elf magi (Elf:2)
  A wolf spider (Spider:1)
  A guardian serpent (Desolation)
  3 jumping spiders (Spider:1)
  A saltling (Desolation)
  A water elemental (Elf:3)
  A steam dragon skeleton (Crypt:2)
  An orc (Vaults:4)
  A quokka (D:8)
  A kobold (D:12)
  2 briar patches
  A bush (Lair:6)
  11 fungi
  12 plants
  5 toadstools (D:4)
48 creatures vanquished.

Grand Total: 2790 creatures vanquished

Notes
Turn   | Place    | Note
-------+----------+-------------------------------------------
     0 | D:1      | Peloso the Demonspawn Fighter began the quest for the Orb.
     0 | D:1      | Reached XP level 1. HP: 18/18 MP: 1/1
   179 | D:1      | Gained mutation: You have sharp toenails. [demonic
                  | ancestry]
   179 | D:1      | Reached XP level 2. HP: 22/24 MP: 2/2
   220 | D:1      | Reached skill level 3 in Shields
   473 | D:1      | Gained mutation: You are partially covered in rugged brown
                  | scales. (AC +1, +3% HP) [demonic ancestry]
   473 | D:1      | Reached XP level 3. HP: 14/29 MP: 3/3
  1195 | D:2      | Noticed Robin
  1223 | D:2      | Killed Robin
  1223 | D:2      | Reached XP level 4. HP: 29/36 MP: 4/4
  1547 | D:2      | Gained mutation: You are mostly covered in rugged brown
                  | scales. (AC +2, +5% HP) [demonic ancestry]
  1547 | D:2      | Reached XP level 5. HP: 4/43 MP: 5/5
  2134 | D:3      | Noticed Grinder
  2139 | D:3      | Paralysed by Grinder for 7 turns
  2168 | D:2      | Killed Grinder
  2168 | D:2      | Reached skill level 1 in Dodging
  2168 | D:2      | Reached skill level 4 in Shields
  2168 | D:2      | Reached XP level 6. HP: 25/50 MP: 6/6
  2730 | D:3      | Found an ancient bone altar of Kikubaaqudgha.
  2957 | D:3      | Found a glowing golden altar of the Shining One.
  3179 | D:4      | Reached XP level 7. HP: 55/55 MP: 7/7
  3596 | D:4      | Reached skill level 5 in Long Blades
  3873 | D:4      | Noticed a fire elemental
  3875 | D:4      | Found a stormy altar of Qazlal.
  3877 | D:4      | Noticed a water elemental
  3878 | D:4      | Noticed an air elemental
  3982 | D:4      | Gained mutation: You have razor-sharp toenails. [demonic
                  | ancestry]
  3982 | D:4      | Reached XP level 8. HP: 20/64 MP: 8/8
  4248 | D:4      | Found a runed translucent gate.
  4249 | D:4      | Found a runed translucent gate.
  4250 | D:4      | Found a runed translucent gate.
  4252 | D:4      | Noticed 1994's ghost (amateur OgHu)
  4583 | D:5      | Entered Level 5 of the Dungeon
  4722 | D:5      | Reached skill level 5 in Shields
  4888 | D:5      | Found a shattered altar of Ashenzari.
  5156 | D:5      | Found a hazy altar of Hepliaklqana.
  5360 | D:5      | Found a sparkling altar of Nemelex Xobeh.
  5363 | D:5      | Found a sacrificial altar of Ru.
  5366 | D:5      | Found a burning altar of Makhleb.
  5446 | D:6      | Reached skill level 5 in Fighting
  5768 | D:6      | Reached skill level 5 in Armour
  5787 | D:6      | Found Bituj's Armour Shoppe.
  6136 | D:6      | Reached XP level 9. HP: 55/72 MP: 9/9
  6647 | D:7      | Found a basalt altar of Yredelemnul.
  6732 | D:7      | Found a staircase to the Ecumenical Temple.
  6783 | Temple   | Entered the Ecumenical Temple
  6811 | Temple   | Became a worshipper of Warmaster Okawaru
  6854 | D:7      | Found a hide-covered altar of Uskayaw.
  7069 | D:7      | Found a bloodstained altar of Trog.
  7447 | D:8      | Found a white marble altar of Elyvilon.
  7621 | D:8      | Reached skill level 6 in Shields
  7628 | D:8      | Reached * piety under Okawaru
  8313 | D:8      | Reached ** piety under Okawaru
  8385 | D:8      | Reached skill level 1 in Stealth
  8476 | D:8      | Found an ornate altar of the Wu Jian Council.
  8641 | D:8      | Gained mutation: You regenerate a little health from kills.
                  | [demonic ancestry]
  8641 | D:8      | Reached XP level 10. HP: 68/80 MP: 7/10
  9274 | D:9      | Noticed Gastronok
  9293 | D:9      | Killed Gastronok
  9293 | D:9      | Reached *** piety under Okawaru
  9293 | D:9      | Reached skill level 7 in Shields
  9840 | D:9      | Reached skill level 1 in Invocations
  9939 | D:9      | Reached **** piety under Okawaru
  9955 | D:9      | Noticed Maurice
  9966 | D:9      | Killed Maurice
 10317 | D:9      | Gained mutation: You have claws for feet. [demonic
                  | ancestry]
 10317 | D:9      | Reached XP level 11. HP: 83/90 MP: 9/12
 10514 | D:9      | Found a staircase to the Lair.
 10544 | D:9      | Reached ***** piety under Okawaru
 10544 | D:9      | Reached skill level 10 in Long Blades
 10630 | D:10     | Entered Level 10 of the Dungeon
 10735 | D:10     | Found an opulent altar of Gozag.
 11003 | D:10     | Reached skill level 8 in Shields
 11475 | D:10     | Noticed a tengu warrior
 11486 | D:10     | Killed a tengu warrior
 11672 | D:10     | Received a gift from Okawaru
 11677 | D:10     | Got an ichor-stained triple sword {god gift}
 11924 | Lair:1   | Entered Level 1 of the Lair of Beasts
 12700 | Lair:1   | Noticed a four-headed hydra
 12715 | Lair:1   | Killed a four-headed hydra
 12715 | Lair:1   | Reached skill level 1 in Maces & Flails
 13295 | Lair:1   | Identified the +9 triple sword of Compassion {vorpal, MR+}
                  | (Okawaru gifted it to you on level 10 of the Dungeon)
 13527 | Lair:1   | Received a gift from Okawaru
 13527 | Lair:1   | Reached skill level 9 in Shields
 14233 | Lair:2   | Gained mutation: You sometimes gain a little power by
                  | taking damage. [demonic ancestry]
 14233 | Lair:2   | Reached XP level 12. HP: 82/99 MP: 9/13
 14296 | Lair:2   | Noticed a five-headed hydra
 14315 | Lair:2   | Killed a five-headed hydra
 14456 | Lair:2   | You fall into a shaft and drop 2 floors!
 14458 | Lair:4   | Found a shattered altar of Ashenzari.
 14746 | Lair:3   | Found a staircase to the Swamp.
 15528 | Lair:2   | Found a hole to the Spider Nest.
 16149 | Lair:3   | Received a gift from Okawaru
 17276 | Lair:4   | Reached skill level 10 in Shields
 17719 | D:11     | Noticed Erica
 17732 | D:11     | Killed Erica
 17828 | D:11     | Noticed Nergalle
 17847 | D:11     | Killed Nergalle
 18109 | D:11     | Reached XP level 13. HP: 76/108 MP: 14/14
 18378 | D:11     | Found a staircase to the Orcish Mines.
 18441 | D:11     | Reached skill level 10 in Fighting
 18731 | D:12     | Found a transporter.
 18742 | D:12     | Noticed Elvor's ghost (journeyman DDFi)
 18802 | D:12     | Found a glowing silver altar of Zin.
 18926 | D:12     | Found a transporter.
 19577 | D:11     | Reached ****** piety under Okawaru
 20057 | Orc:1    | Entered Level 1 of the Orcish Mines
 20310 | Orc:1    | Found a transporter.
 20313 | Orc:1    | Found a transporter.
 20385 | Orc:1    | Identified the +6 hunting sling of Light {flame, rF+ MR+
                  | Str+2 Dex-2}
 20399 | Orc:1    | Found Utaxil's Distillery.
 20409 | Orc:1    | Bought a potion of heal wounds for 55 gold pieces
 20409 | Orc:1    | Bought a potion of stabbing for 44 gold pieces
 20569 | Orc:1    | Found a transporter.
 20570 | Orc:1    | Noticed Rygut's ghost (journeyman DrFi)
 20584 | Orc:1    | Found a transporter.
 20691 | Orc:1    | Received a gift from Okawaru
 21184 | Orc:2    | Entered Level 2 of the Orcish Mines
 21184 | Orc:2    | Found a staircase to the Elven Halls.
 21216 | Orc:1    | Reached skill level 11 in Shields
 21625 | Orc:2    | Found Qeruif's General Store.
 21638 | Orc:2    | Found Dogodu's General Store.
 21638 | Orc:2    | Found a roughly hewn altar of Beogh.
 21682 | Orc:2    | Noticed an orc warlord
 22050 | Orc:2    | Killed an orc warlord
 22274 | Orc:2    | Noticed an orc warlord
 22621 | Orc:1    | Killed an orc warlord
 22906 | Orc:2    | Gained mutation: You are completely covered in rugged brown
                  | scales. (AC +3, +7% HP) [demonic ancestry]
 22906 | Orc:2    | Reached XP level 14. HP: 110/118 MP: 15/15
 22932 | Orc:2    | Reached skill level 1 in Throwing
 22932 | Orc:2    | Reached skill level 5 in Dodging
 22932 | Orc:2    | Reached skill level 1 in Unarmed Combat
 22932 | Orc:2    | Reached skill level 1 in Spellcasting
 22932 | Orc:2    | Reached XP level 15. HP: 126/126 MP: 15/17
 23070 | Orc:2    | Found Arruts's Antique Weapon Shoppe.
 23164 | Orc:2    | Bought the +0 pair of gloves "Dusku" {rElec MR+ Str+4} for
                  | 585 gold pieces
 23174 | Orc:2    | Bought a scroll of acquirement for 936 gold pieces
 23240 | Orc:2    | Found Zuwon's Book Shoppe.
 23281 | Orc:2    | Found Poecour's Antique Armour Shoppe.
 23581 | Orc:1    | Noticed an orc warlord
 23610 | Orc:1    | Found a roughly hewn altar of Beogh.
 23631 | Orc:1    | Received a gift from Okawaru
 24098 | Orc:1    | Killed an orc warlord
 24133 | Orc:1    | Got a fine crystal plate armour {god gift}
 24147 | Orc:1    | Identified the +11 crystal plate armour of an ossuary {+Inv
                  | rF+++ Regen+ Slay-2} (Okawaru gifted it to you on level 1
                  | of the Orcish Mines)
 24401 | D:13     | Reached skill level 10 in Armour
 24401 | D:13     | Reached skill level 12 in Shields
 25264 | D:13     | You fall into a shaft and drop 2 floors!
 25264 | D:15     | Entered Level 15 of the Dungeon
 25631 | D:14     | Noticed Roxanne
 27058 | Lair:5   | Found a runed translucent door.
 27122 | Lair:5   | Received a gift from Okawaru
 29777 | Lair:6   | Entered Level 6 of the Lair of Beasts
 29917 | Lair:6   | Received a gift from Okawaru
 29930 | Lair:6   | Got a transparent plate armour {god gift}
 29944 | Lair:6   | Gained mutation: You regenerate health from kills. [demonic
                  | ancestry]
 29944 | Lair:6   | Reached XP level 16. HP: 123/135 MP: 17/19
 29969 | Lair:6   | Identified the +3 plate armour of the Catamount {rCorr
                  | Int-3 Stlth+} (Okawaru gifted it to you on level 6 of the
                  | Lair of Beasts)
 30067 | Lair:6   | Found a runed translucent door.
 30073 | Lair:6   | Found a viscous altar of Jiyva.
 30080 | Lair:6   | Found a staircase to the Slime Pits.
 30080 | Lair:6   | Noticed an acid blob
 30080 | Lair:6   | Noticed an acid blob
 30296 | Lair:6   | Reached skill level 13 in Shields
 30601 | Lair:6   | Noticed Rupert
 30620 | Lair:6   | Killed Rupert
 32059 | D:4      | Killed 1994's ghost
 32256 | D:12     | Killed Elvor's ghost
 32436 | D:14     | Found a gate to the Vaults.
 32813 | D:14     | Killed Roxanne
 33067 | D:15     | Received a gift from Okawaru
 33070 | D:15     | Got a distressingly furry chain mail {god gift}
 33081 | D:15     | Identified the +3 chain mail "Byuvotora" {rPois Int+2 Dex-5
                  | SInv} (Okawaru gifted it to you on level 15 of the Dungeon)
 33105 | D:15     | Found a radiant altar of Vehumet.
 33763 | D:15     | Found a staircase to the Depths.
 34073 | Elf:1    | Entered Level 1 of the Elven Halls
 34334 | Elf:1    | Reached skill level 15 in Long Blades
 34384 | Elf:1    | Reached skill level 14 in Shields
 34670 | Elf:1    | Noticed Aizul
 34757 | Elf:1    | Noticed an Ice Fiend
 34758 | Elf:1    | Noticed an Executioner
 35355 | Elf:1    | Killed Aizul
 35355 | Elf:1    | Gained mutation: You sometimes gain power by taking damage.
                  | [demonic ancestry]
 35355 | Elf:1    | Reached XP level 17. HP: 118/146 MP: 15/20
 35534 | Elf:1    | Found Wucanug's Jewellery Emporium.
 35534 | Elf:1    | Found Gyttuj's Antique Weapon Shoppe.
 35563 | Elf:1    | Bought a cursed amulet of inaccuracy for 24 gold pieces
 36394 | Swamp:1  | Entered Level 1 of the Swamp
 37268 | Swamp:1  | Received a gift from Okawaru
 38644 | Spider:1 | Entered Level 1 of the Spider Nest
 38720 | Spider:1 | Received a gift from Okawaru
 38792 | Spider:1 | Noticed Nikola
 38815 | Spider:1 | Killed Nikola
 40748 | Elf:2    | Found Rodghasix's Book Emporium.
 40799 | Elf:2    | Received a gift from Okawaru
 40846 | Elf:2    | Found a frozen archway.
 40868 | Elf:2    | Found a ruined gateway.
 40876 | Desolati | Entered the Desolation of Salt
 41139 | Desolati | Reached skill level 5 in Invocations
 41161 | Desolati | Reached skill level 15 in Shields
 41392 | Desolati | Gained mutation: Your flesh is cold resistant. (rC+)
                  | [demonic ancestry]
 41392 | Desolati | Reached XP level 18. HP: 110/157 MP: 12/21
 41555 | Desolati | Identified the Tome of the Supportive Frostbite
 41571 | Desolati | Got steaming swamp dragon scales
 41581 | Desolati | Got a steaming steel amulet
 41586 | Desolati | Identified the amulet "Usigikhi" {Reflect +Blink rElec
                  | Dex+7 SH+5} (You found it in the Desolation of Salt)
 41635 | Desolati | Identified the cursed +0 swamp dragon scales of Ehadykut
                  | {rPois rCorr} (You found it in the Desolation of Salt)
 41801 | Desolati | Got a vibrating ivory ring
 41803 | Desolati | Got a heavily runed pewter ring
 41808 | Desolati | Identified Konemm's Incunabulum of the Glacier and
                  | Confrontation
 41813 | Desolati | Identified the ring of the Invisible Hand {Fire MR+ Str+8
                  | Int+3 Dex-5} (You found it in the Desolation of Salt)
 41815 | Desolati | Identified the ring "Fala" {rN+ MR+ EV+4 Stlth+} (You found
                  | it in the Desolation of Salt)
 42180 | Desolati | Received a gift from Okawaru
 42181 | Desolati | Found the +8 demon blade "Leech" {vamp, *Rage +Rage rN+}
 42511 | Desolati | Got a transparent emerald amulet
 42551 | Desolati | Got a transparent whip
 42565 | Desolati | Identified the Compendium of the Traveller
 43006 | Elf:2    | Identified the amulet "Naynt" {Inacc +Inv rElec Int+4
                  | Dex-3} (You found it in the Desolation of Salt)
 43263 | Lair:1   | Identified the +7 whip of a bazaar {freeze, Int+4} (You
                  | found it in the Desolation of Salt)
 43673 | Elf:2    | Reached skill level 16 in Shields
 43674 | Elf:2    | Found a runed translucent gate.
 43674 | Elf:2    | Found a runed translucent gate.
 43674 | Elf:2    | Found a runed translucent gate.
 43678 | Elf:2    | Received a gift from Okawaru
 43794 | Orc:2    | Bought a potion of heal wounds for 55 gold pieces
 43837 | Orc:2    | Bought a scroll of identify for 36 gold pieces
 43973 | Elf:3    | Entered Level 3 of the Elven Halls
 44008 | Elf:3    | Identified the Volume of Malediction
 44197 | Elf:3    | Reached skill level 15 in Fighting
 44742 | Elf:3    | Received a gift from Okawaru
 44781 | Elf:3    | Got a masterwork falchion {god gift}
 44782 | Elf:3    | Identified the +8 falchion of the Solstice {vorpal, *Drain
                  | +Fly MP+9} (Okawaru gifted it to you on level 3 of the
                  | Elven Halls)
 44812 | Elf:3    | Gained mutation: You are powered by pain. [demonic
                  | ancestry]
 44812 | Elf:3    | Reached XP level 19. HP: 165/165 MP: 23/23
 45733 | Elf:3    | Identified the ring of Lituan Mijo {Ice rElec}
 45744 | Elf:3    | Reached skill level 17 in Shields
 45990 | Elf:3    | Received a gift from Okawaru
 45993 | Elf:3    | Got a pair of masterwork gloves {god gift}
 46002 | Elf:3    | Found the +8 longbow "Zephyr" {speed, Dex+3 SInv}
 46004 | Elf:3    | Got a faintly glowing garnet amulet
 46021 | Elf:3    | Identified Sif Muna's Incunabulum of Weightlessness
 46055 | Elf:3    | Identified the amulet of Lies {Inacc MR+ Str+6} (You found
                  | it on level 3 of the Elven Halls)
 46069 | Elf:3    | Identified the +2 pair of gloves of Hospitality {Str+5}
                  | (Okawaru gifted it to you on level 3 of the Elven Halls)
 46346 | Elf:3    | Identified the +2 chain mail of Dim Light {+Fly rElec}
 46890 | Orc:2    | Bought encrusted storm dragon scales for 1955 gold pieces
 46906 | Orc:2    | Identified the +4 storm dragon scales "Ykiulaz" {rElec
                  | rPois rN+ Dex+4} (You bought it in a shop on level 2 of the
                  | Orcish Mines)
 47233 | Lair:1   | You fall into a shaft and drop 1 floor!
 48060 | Swamp:3  | Got a bloodstained short sword
 48061 | Swamp:3  | Identified the +4 short sword of Ruwettae {flame, +Rage
                  | rPois Int+3 Dex-3} (You found it on level 3 of the Swamp)
 48110 | Swamp:4  | Entered Level 4 of the Swamp
 48676 | Swamp:4  | Got a decaying rune of Zot
 48731 | Swamp:4  | Received a gift from Okawaru
 49452 | Spider:2 | Received a gift from Okawaru
 49631 | Spider:3 | Reached skill level 18 in Shields
 49642 | Spider:3 | Noticed Arachne
 49656 | Spider:3 | Killed Arachne
 49672 | Spider:3 | Reached XP level 20. HP: 174/175 MP: 24/24
 49800 | Spider:3 | Received a gift from Okawaru
 50072 | Spider:3 | Found a roughly hewn altar of Beogh.
 50169 | Spider:4 | Entered Level 4 of the Spider Nest
 50922 | Spider:4 | Got a gossamer rune of Zot
 51771 | Vaults:1 | Entered Level 1 of the Vaults
 52003 | Vaults:1 | Received a gift from Okawaru
 52031 | Vaults:1 | Reached skill level 19 in Shields
 52632 | Vaults:1 | Reached XP level 21. HP: 184/184 MP: 25/25
 52678 | Vaults:1 | Received a gift from Okawaru
 53408 | Vaults:2 | Received a gift from Okawaru
 53873 | Vaults:2 | Found a staircase to the Crypt.
 54199 | Vaults:2 | Reached skill level 20 in Shields
 54212 | Vaults:2 | Received a gift from Okawaru
 54752 | Vaults:3 | Noticed Xtahua
 54761 | Vaults:3 | Killed Xtahua
 56263 | Vaults:4 | Gained mutation: You are immune to freezing clouds.
                  | [demonic ancestry]
 56263 | Vaults:4 | Reached XP level 22. HP: 194/194 MP: 26/26
 56413 | Vaults:4 | Received a gift from Okawaru
 56629 | Vaults:4 | Got a twisted glaive
 56630 | Vaults:4 | Identified the +5 glaive "Anneil" {pain, Dex+2} (You found
                  | it on level 4 of the Vaults)
 57392 | Vaults:4 | Reached skill level 21 in Shields
 57654 | Vaults:5 | Entered Level 5 of the Vaults
 57708 | Vaults:4 | Received a gift from Okawaru
 58636 | Vaults:5 | Received a gift from Okawaru
 58841 | Vaults:5 | Got a silver rune of Zot
 58854 | Vaults:5 | Gained mutation: A frigid envelope surrounds you and
                  | freezes all who hurt you. [demonic ancestry]
 58854 | Vaults:5 | Reached XP level 23. HP: 203/203 MP: 27/27
 58956 | Vaults:5 | Identified the +6 mace "Eseifat" {vorpal, rPois rC+ MR+}
 59467 | Vaults:5 | Got a jewelled crystal plate armour
 59490 | Vaults:5 | Identified the Incunabulum of Stolen Souls and Flight
 59505 | Vaults:5 | Got a flickering ruby amulet
 59550 | Vaults:5 | Identified the Compendium of Good Luck and Sinister Secrets
 59559 | Vaults:5 | Got a serpentine brass amulet
 59563 | Vaults:5 | Identified the amulet "Qenih" {Inacc rF++ SInv} (You found
                  | it on level 5 of the Vaults)
 59566 | Vaults:5 | Identified the amulet of Bantyemy {Acrobat rF+ rN+} (You
                  | found it on level 5 of the Vaults)
 59572 | Vaults:5 | Identified the +12 crystal plate armour of Untruth {Int+4
                  | SInv} (You found it on level 5 of the Vaults)
 59582 | Vaults:5 | Got a crystal morningstar
 59584 | Vaults:5 | Got an encrusted broad axe
 59585 | Vaults:5 | Identified the +3 broad axe "Mits" {vorpal, rF+ rC+} (You
                  | found it on level 5 of the Vaults)
 59588 | Vaults:5 | Identified the +3 morningstar of Woe {drain, rPois rF- rN+
                  | MR+++} (You found it on level 5 of the Vaults)
 59771 | Vaults:5 | Identified the +1 leather armour "Qonoh" {MR+}
 59812 | Vaults:5 | Identified the +6 long sword of Dismay {elec, rC+ MP+9
                  | Str+6}
 59826 | Vaults:5 | Received a gift from Okawaru
 60619 | Elf:1    | Bought the ring of Interdependent Arising {Str+5 Int+8
                  | Dex+6} for 1113 gold pieces
 60684 | Elf:2    | Reached skill level 22 in Shields
 61822 | Crypt:1  | Entered Level 1 of the Crypt
 62174 | Crypt:1  | Reached skill level 15 in Armour
 62179 | Crypt:1  | Received a gift from Okawaru
 62915 | Crypt:2  | Noticed Mennas
 62928 | Crypt:2  | Reached XP level 24. HP: 165/215 MP: 27/27
 62977 | Crypt:2  | Killed Mennas
 63622 | Crypt:2  | Noticed Sojobo
 63646 | Crypt:2  | Killed Sojobo
 63761 | Crypt:3  | Entered Level 3 of the Crypt
 64114 | Crypt:3  | Received a gift from Okawaru
 64167 | Crypt:3  | Got a bloodstained hand crossbow
 64168 | Crypt:3  | Identified the cursed +2 hand crossbow "Saxtugel" {elec,
                  | Int+2} (You found it on level 3 of the Crypt)
 64348 | Crypt:3  | Found an ancient bone altar of Kikubaaqudgha.
 64405 | Crypt:3  | Got a pitted short sword
 64406 | Crypt:3  | Identified the +10 short sword of Kekh {freeze, +Fly MR+
                  | Dex-5} (You found it on level 3 of the Crypt)
 64417 | Crypt:3  | Noticed an ancient lich
 64422 | Crypt:3  | Killed an ancient lich
 64976 | Crypt:3  | Got a masterwork cloak
 64987 | Crypt:3  | Identified the cursed -2 cloak "Atyttuta" {+Inv rC+ Dex+3}
                  | (You found it on level 3 of the Crypt)
 64998 | Crypt:3  | Found the +7 Singing Sword {vorpal, sonic wave}
 65001 | Crypt:3  | Got the +7 Singing Sword {vorpal, sonic wave}
 65045 | Crypt:3  | Found a staircase to the Tomb.
 65072 | Crypt:3  | Got a crystal short sword
 65073 | Crypt:3  | Identified the +9 short sword of the People {elec, *Noise
                  | Int+8 SInv Stlth+} (You found it on level 3 of the Crypt)
 65114 | Crypt:3  | Noticed an ancient lich
 65123 | Crypt:3  | Killed an ancient lich
 66088 | Depths:1 | Entered Level 1 of the Depths
 66088 | Depths:1 | Found a one-way gate leading to the halls of Pandemonium.
 66095 | Depths:1 | Reached skill level 23 in Shields
 66181 | Depths:1 | Found a gateway to Hell.
 66704 | Depths:1 | Found a runed translucent door.
 66785 | Depths:1 | Found a roughly hewn altar of Beogh.
 67073 | Depths:2 | Received a gift from Okawaru
 67076 | Depths:2 | Got a jewelled crystal plate armour {god gift}
 67077 | Depths:2 | Identified the +17 crystal plate armour of Forphakk {rN+
                  | Dex+6 SInv} (Okawaru gifted it to you on level 2 of the
                  | Depths)
 67162 | Depths:2 | Noticed a juggernaut
 67166 | Depths:2 | Reached XP level 25. HP: 197/224 MP: 27/27
 67167 | Depths:2 | Identified the +5 glaive of Caihas {pain, rF- rN+ SInv}
 67180 | Depths:2 | Killed a juggernaut
 67189 | Depths:2 | Received a gift from Okawaru
 68059 | Depths:2 | Reached skill level 24 in Shields
 68132 | Depths:3 | Received a gift from Okawaru
 68140 | Depths:3 | Got a pair of distressingly furry gloves {god gift}
 68141 | Depths:3 | Identified the +0 pair of gloves of the Volcano {rPois MP-9
                  | Str+4} (Okawaru gifted it to you on level 3 of the Depths)
 69251 | Depths:3 | You fall into a shaft and drop 2 floors!
 69251 | Depths:5 | Entered Level 5 of the Depths
 69420 | Depths:4 | Found a runed translucent door.
 69428 | Depths:4 | Noticed a juggernaut
 69435 | Depths:4 | Noticed a juggernaut
 69462 | Depths:4 | Identified the +8 battleaxe of Distant Worlds {freeze,
                  | rPois rC++ MP+9 Dex-3}
 69474 | Depths:4 | Identified the +1 ice dragon scales of Distant Worlds {rF-
                  | rC++ MP-9 Str+4 Int+4}
 69480 | Depths:4 | Gained mutation: You regenerate a lot of health from kills.
                  | [demonic ancestry]
 69480 | Depths:4 | Reached XP level 26. HP: 207/235 MP: 27/27
 69508 | Depths:4 | Received a gift from Okawaru
 69621 | Depths:4 | Found an iron altar of Okawaru.
 69658 | Depths:4 | Found a one-way gate to the infinite horrors of the Abyss.
 69767 | Depths:4 | Got a bronze scale mail
 69768 | Depths:4 | Identified the +4 scale mail "Ettazuk" {-Tele Regen+ Dex+4}
                  | (You found it on level 4 of the Depths)
 70034 | Depths:4 | Found Coxoibby's Elemental Accessories.
 70248 | Depths:4 | Killed a juggernaut
 70254 | Depths:4 | Killed a juggernaut
 70265 | Depths:4 | Got a faintly glowing ring mail
 71063 | Depths:5 | Found a gate to the Realm of Zot.
 71101 | Depths:5 | Reached skill level 25 in Shields
 71424 | Depths:5 | Noticed Jory
 71442 | Depths:5 | Killed Jory
 71528 | Depths:5 | Found a gateway to a ziggurat.
 71542 | Depths:5 | Noticed Saint Roka
 71554 | Depths:5 | Killed Saint Roka
 71574 | Depths:5 | Reached skill level 5 in Stealth
 71574 | Depths:5 | Reached XP level 27. HP: 245/245 MP: 27/27
 71636 | Depths:5 | Received a gift from Okawaru
 72778 | Depths:4 | Got the +4 helmet of the Armadillo {rN+ rCorr Str+4 Dex-3}
 73251 | Orc:1    | Killed Rygut's ghost
 74049 | Zot:1    | Entered Level 1 of the Realm of Zot
 74049 | Zot:1    | Noticed an orb of fire
 74052 | Zot:1    | Gained mutation: Scrolls take you a little longer to read.
                  | [an orb of fire]
 74055 | Zot:1    | Gained mutation: Your body sometimes deteriorates upon
                  | taking damage. [an orb of fire]
 74077 | Zot:1    | Gained mutation: Your body often deteriorates upon taking
                  | damage. [an orb of fire]
 74078 | Zot:1    | Killed an orb of fire
 74455 | Zot:1    | Identified the ring "Vehuer" {Str+6 Dex+7}
 74486 | Zot:1    | Found a transporter.
 74522 | Zot:1    | Noticed an orb of fire
 74533 | Zot:1    | Gained mutation: You are weak. (Str -2) [an orb of fire]
 74533 | Zot:1    | Gained mutation: You possess an exceptional clarity of
                  | mind. [an orb of fire]
 74535 | Zot:1    | Killed an orb of fire
 74602 | Zot:1    | Noticed an orb of fire
 74954 | Zot:1    | Found a transporter.
 75017 | Zot:1    | Noticed an orb of fire
 75025 | Zot:1    | Lost mutation: You possess an exceptional clarity of mind.
                  | [an orb of fire]
 75035 | Zot:1    | Gained mutation: Your mind is acute. (Int +2) [an orb of
                  | fire]
 75040 | Zot:1    | Gained mutation: You occasionally shout uncontrollably at
                  | your foes. [an orb of fire]
 75041 | Zot:1    | Gained mutation: You sometimes yell uncontrollably at your
                  | foes. [an orb of fire]
 75043 | Zot:1    | Killed an orb of fire
 75278 | Zot:1    | Received a gift from Okawaru
 75393 | Zot:1    | Got a pair of fine boots
 75396 | Zot:1    | Identified the +0 pair of boots of Liberalism {Int+5} (You
                  | found it on level 1 of the Realm of Zot)
 75508 | Zig:1    | Entered Level 1 of a ziggurat
 75539 | Zig:2    | Entered Level 2 of a ziggurat
 75574 | Zig:3    | Entered Level 3 of a ziggurat
 75608 | Zig:4    | Entered Level 4 of a ziggurat
 75639 | Zig:4    | Got a slimy lapis lazuli ring
 75650 | Zig:4    | Identified the ring of the Protecting Enemy {Wiz rF+} (You
                  | found it on level 4 of a ziggurat)
 75655 | Zig:5    | Entered Level 5 of a ziggurat
 75661 | Zig:5    | Gained mutation: Armour fits poorly on your strangely
                  | shaped body. [a shining eye]
 75664 | Zig:5    | Gained mutation: You are resistant to hostile enchantments.
                  | (MR+) [a shining eye]
 75667 | Zig:5    | Paralysed by a floating eye for 3 turns
 75711 | Zig:6    | Entered Level 6 of a ziggurat
 75727 | Zig:6    | Reached skill level 26 in Shields
 75769 | Zig:7    | Entered Level 7 of a ziggurat
 75776 | Zig:7    | Noticed Zeimoat the pandemonium lord
 75815 | Zig:7    | HP: 7/248 [Executioner[a shadow demon] (7)]
 75818 | Zig:7    | Killed Zeimoat the pandemonium lord
 76386 | Zig:8    | Entered Level 8 of a ziggurat
 76398 | Zig:8    | Noticed Supeuty the pandemonium lord
 76431 | Zig:8    | Killed Supeuty the pandemonium lord
 76824 | Zig:8    | Got ancient gold dragon scales
 76827 | Zig:8    | Identified the +4 gold dragon scales of Anaesthesia {rPois
                  | rF+ rC+ rN+ Dex+6} (You found it on level 8 of a ziggurat)
 76846 | Zig:9    | Entered Level 9 of a ziggurat
 76861 | Zig:9    | Noticed a juggernaut
 76883 | Zig:9    | Killed a juggernaut
 76883 | Zig:9    | Received a gift from Okawaru
 76886 | Zig:9    | Noticed a juggernaut
 76906 | Zig:9    | Killed a juggernaut
 77178 | Zig:10   | Entered Level 10 of a ziggurat
 77243 | Zig:10   | Found the ring of Phasing {EV+8}
 77249 | Zig:10   | Got a distressingly furry helmet
 77251 | Zig:10   | Identified the Compendium of Fetching Ice
 77267 | Zig:10   | Identified the +2 helmet of Theory {rCorr Dex+4} (You found
                  | it on level 10 of a ziggurat)
 77285 | Zig:11   | Entered Level 11 of a ziggurat
 77291 | Zig:11   | Noticed a juggernaut
 77310 | Zig:11   | Killed a juggernaut
 77317 | Zig:11   | Received a gift from Okawaru
 77376 | Zig:11   | Got a clouded silver ring
 77381 | Zig:11   | Identified the ring of the Singing Messenger {rC+ MR+ MP+9
                  | Slay+3} (You found it on level 11 of a ziggurat)
 77399 | Zig:12   | Entered Level 12 of a ziggurat
 77510 | Zig:12   | Found the brooch of Shielding {Spirit SH+8}
 77544 | Zig:13   | Entered Level 13 of a ziggurat
 77585 | Zig:13   | Noticed a greater mummy
 77587 | Zig:13   | Noticed a greater mummy
 77591 | Zig:13   | Noticed a greater mummy
 77597 | Zig:13   | Killed a greater mummy
 77604 | Zig:13   | Killed a greater mummy
 77611 | Zig:13   | Killed a greater mummy
 77611 | Zig:13   | Reached skill level 27 in Shields
 78056 | Zig:14   | Entered Level 14 of a ziggurat
 78082 | Zig:14   | Noticed a greater mummy
 78082 | Zig:14   | Noticed a greater mummy
 78084 | Zig:14   | Noticed a greater mummy
 78087 | Zig:14   | Noticed a greater mummy
 78100 | Zig:14   | Killed a greater mummy
 78104 | Zig:14   | Killed a greater mummy
 78104 | Zig:14   | HP: 8/249 [something (10)]
 78104 | Zig:14   | Killed by a guardian mummy's death curse

Illustrated notes

Levels and vault maps discovered:
D:1:      sevenhm_arrival_forest_fort_small_5, layout_basic
D:2:      layout_rooms, first_ration, uniq_robin
D:3:      minmay_general_purpose_star, layout_basic, tso_metal_star,
          lemuel_doored_altar, uniq_grinder
D:4:      layout_rooms, nicolae_qazlal_style_of_elements,
          gammafunk_ghost_necromancy, minmay_gold_behind_fungi
D:5:      layout_gridville, grunt_temple_overflow_diamond,
          nicolae_overflow_hidden_temple, kennysheep_little_box
D:6:      layout_basic, serial_shops, nicolae_shop_waterfront
D:7:      layout_loops_ring, lightli_temple_of_fire, lemuel_crystal_altar,
          eat_drink_and_be_merry_uskayaw, minmay_temple_entry_glass
D:8:      layout_loops_corners, lemuel_crystal_altar, elyvilon_altar_4
D:9:      minmay_ornate_pinched, layout_basic, david_lair_shrubbed,
          uniq_maurice, uniq_gastronok
D:10:     layout_basic, grunt_tengu_nest, grunt_gozag_breadcrumbs
D:11:     layout_small_grid, david_orc_1_choice, uniq_erica, uniq_nergalle
D:12:     layout_loops_ring, gammafunk_ghost_mausoleum, lemuel_altar_in_water2
D:13:     layout_rooms, minmay_misc_feat_diagonals, nicolae_water_bricks,
          chequers_serial_rivers_large_b
D:14:     layout_long_grid, david_vaults_5, hangedman_abyss_or_decor_clamps,
          minmay_quadrilaterals, uniq_roxanne
D:15:     grunt_enter_depths_magical_seal, layout_irregular_city, basic_altar
Temple:   compressed_dpeg_triangle_lava_temple
Lair:1:   layout_cave_pods, chequers_serial_rivers_room_a, beast_lair_carwin_6
Lair:2:   layout_cave_pods, spider_nest_entry_a, st_stairs_7,
          serial_bayou_shore_a
Lair:3:   layout_roguey, swamp_mist, infiniplex_staircase_pool_2
Lair:4:   layout_regular_city, basic_altar, lemuel_fruit_fields
Lair:5:   gammafunk_mikee_crab_dinner, layout_regular_city, ice2_lemuel,
          infiniplex_staircase_pool
Lair:6:   due_jungle_book, layout_regular_city, slime_altar_2,
          grunt_forest_large_clearing_hut, uniq_rupert
Swamp:1:  layout_falls_marsh, evilmike_swamp_ruin_rubble_1
Swamp:2:  layout_falls_marsh, evilmike_swamp_ruin_house_5
Swamp:3:  layout_falls_marsh, evilmike_swamp_ruin_house_2, swamp_pool1
Swamp:4:  swamp_alternative, layout_basic_swamp, swamp_pool1
Spider:1: layout_spider_delve, uniq_nikola
Spider:2: layout_spider_delve
Spider:3: nicolae_spider_mines_2, uniq_arachne
Spider:4: grunt_spider_rune_circles
Orc:1:    gammafunk_beogh_shrine, layout_caves, gammafunk_ghost_stat_death,
          serial_shops, shop
Orc:2:    grunt_orc_cross, layout_caves, serial_shops, nicolae_shop_waterfront
Elf:1:    eino_elf_arrival_sip, layout_geoelf_octagon,
          minmay_elf_crystal_hexagon, minivault_16, minmay_shoptagon, uniq_aizul
Elf:2:    layout_geoelf_grid, portal_desolation_entry_twin_temple,
          portal_ice_cave_entry_pillars_1, serial_shops, shop
Elf:3:    minmay_elf_hall_curves, layout_gridlike
Vaults:1: nicolae_vaults_little_squares_6, hangedman_vaults_stitches,
          grunt_vaults_twisty, dpeg_vaults_monster_box,
          nicolae_vaults_stairing_the_circle, st_eye,
          ontoclasm_vaults_loading_screen, v_misc_19,
          nicolae_vaults_inception_scallops, hangedman_vaults_corner,
          ontoclasm_vaults_ligature, v_misc_24, vaults_room_door_ring,
          nicolae_vaults_border_crossing, layout_vaults_omnibox
Vaults:2: minmay_crypt_entry_skeletal_spiral,
          vaults_room_grunt_arrival_checkpoint,
          nicolae_vaults_network_quinsquares
          [nicolae_vaults_network_quincunx_subvault,
          nicolae_vaults_network_quincunx_subvault,
          nicolae_vaults_network_quincunx_subvault,
          nicolae_vaults_network_quincunx_subvault], v_misc_28,
          ontoclasm_vaults_twist, hangedman_vaults_stretched_pinwheel,
          vaults_room_guarded_vault, nicolae_vaults_yaktaur_gun_rack,
          layout_vaults_omnigrid
Vaults:3: v_misc_18, vaults_mumra_chevron, hangedman_vaults_restitches,
          vaults_room_fours, hangedman_vaults_snaps, ontoclasm_vaults_spin,
          v_misc_33, nicolae_vaults_little_ls, vaults_dpeg_hooks, v_misc_14,
          layout_vaults_omnicross, uniq_xtahua
Vaults:4: v_misc_13, hangedman_vaults_nails, ontoclasm_vaults_decontamination,
          hangedman_vaults_pinch, v_misc_9, nicolae_vaults_network_s,
          nicolae_vaults_three_branches, hangedman_vaults_trim,
          st_greater_box_5, v_misc_15, nicolae_vaults_ring_of_whatevers,
          grunt_vaults_hallway_short, vaults_room_ringed_pool,
          nicolae_vaults_rhombus_7, layout_vaults_maze
Vaults:5: serial_shops
Crypt:1:  layout_chaotic_city, grunt_crypt_arrival_webbed
Crypt:2:  layout_gridlike, uniq_mennas, uniq_sojobo
Crypt:3:  quadcrypt_mu
Depths:1: layout_twisted_cross, hell_entry, minmay_misc_feat_nine_boxes,
          pan_entry, nicolae_two_hexagons, lightli_church_of_beogh
Depths:2: grunt_runaround [grunt_runaround_doors_1, grunt_runaround_doors_2,
          grunt_runaround_doors_3, grunt_runaround_doors_4,
          grunt_runaround_loot], hell_entry
Depths:3: minmay_chopped_fan, layout_gridlike, hangedman_coc_ice_floe,
          pan_entry, infiniplex_staircase_door_maze, minmay_fountain_box
Depths:4: minmay_the_grid_octo_tiled_squarecenter_mashed
          [minmay_the_grid_octo_vomiting_pacman,
          minmay_the_grid_octo_thin_diamonds, minmay_the_grid_octo_horde,
          minmay_the_grid_octo_odd_swirl,
          minmay_the_grid_square_5x5_megaprize_crossed,
          minmay_the_grid_square_5x5_almost_minimal,
          minmay_the_grid_square_5x5_slash, minmay_the_grid_square_5x5_spiral,
          minmay_the_grid_square_5x5_two_walls_b], layout_cave_pools,
          hell_entry, okawaru_ov_weapons_minmay, hangedman_abyss_entry_splay,
          nicolae_elemental_shop, minmay_st_funbox, kennysheep_generic_room_14
Depths:5: evilmike_zot_entry_basic, layout_basic, enter_ziggurat_b,
          pf_vacation_house_of_asmodeus, chequers_serial_rivers_marsh,
          uniq_saint_roka, uniq_jory
Zot:1:    gammafunk_the_bubble [the_bubble_gammafunk_split],
          layout_misc_corridors, lemuel_lake_of_fire
Zig:14:   ziggurat_pillar_centre_c, ziggurat_pillar_centre_c,
          ziggurat_pillar_centre_c, ziggurat_pillar_centre_c

Skill      XL: |  1  2  3  4  5  6  7  8  9 10 11 12 13 14 15 16 17 18 19 20 21 22 23 24 25 26 27 |
---------------+----------------------------------------------------------------------------------+-----
Shields        | 3 4 5 6 7 9 10 11 12 14 15 16 18 19 20 21 22 23 24 25 27 | 27.0
Long Blades    | 2 3 4 5 7 8 9 10 12 13 14 15 16 17 18 19 20 21 22 | 22.0
Armour         | 3 4 5 6 7 8 9 10 11 12 13 14 15 16 17 | 17.5
Dodging        | 1 2 3 4 5 6 7 8 9 |  9.9
Fighting       | 4 5 6 7 9 10 11 12 13 14 15 16 17 18 19 20 21 22 | 22.9
Stealth        | 1 2 3 4 5 |  5.6
Invocations    | 1 2 3 4 5 6 7 |  7.6
Maces & Flails | 2 |  2.6
Throwing       | 1 2 |  2.7
Unarmed Combat | 1 2 3 |  3.0
Spellcasting   | 1 2 |  2.6
Evocations     | 2 3 |  3.8

Action                   |  1- 3 |  4- 6 |  7- 9 | 10-12 | 13-15 | 16-18 | 19-21 | 22-24 | 25-27 || total
-------------------------+-------+-------+-------+-------+-------+-------+-------+-------+-------++-------
Melee: Long sword        |    94 |   167 |   362 |       |       |       |       |       |       ||   623
       Kick              |    25 |    56 |       |   257 |   561 |   959 |  1284 |  1015 |   609 ||  4766
       Scimitar          |       |       |   127 |   763 |  1124 |    56 |   285 |       |       ||  2355
       Demon whip        |       |       |       |    27 |       |       |       |       |       ||    27
       Demon blade       |       |       |       |       |    25 |  1642 |  1495 |  1407 |    54 ||  4623
       Falchion          |       |       |       |       |       |     4 |   161 |       |       ||   165
       Double sword      |       |       |       |       |       |       |       |   146 |  1031 ||  1177
Invok: Heroism           |       |       |       |    16 |    27 |    26 |     5 |     4 |    11 ||    89
Evoke: Wand              |       |       |     4 |     7 |     2 |     7 |     3 |     1 |     3 ||    27
  Use: Potion            |       |       |     2 |     1 |     3 |       |       |     2 |    13 ||    21
       Scroll            |       |       |    14 |     5 |    11 |    16 |     3 |    20 |    21 ||    90
 Stab: Distracted        |       |       |       |     1 |       |       |     1 |     3 |     1 ||     6
       Sleeping          |       |       |       |       |     1 |       |     2 |     1 |       ||     4
  Eat: Chunk             |     1 |     6 |    19 |    24 |    25 |    25 |    37 |    23 |    24 ||   184
       Ration            |       |       |       |     2 |     4 |     7 |     1 |     4 |     3 ||    21
Armor: Scale mail        |    57 |    20 |       |       |       |       |       |       |       ||    77
       Chain mail        |       |    84 |   323 |   354 |   280 |    11 |       |       |       ||  1052
       Plate armour      |       |       |       |       |    80 |   564 |    23 |       |       ||   667
       Skin              |       |       |       |       |     6 |       |       |       |       ||     6
       Storm dragon scal |       |       |       |       |       |       |   586 |   326 |       ||   912
       Crystal plate arm |       |       |       |       |       |       |       |    19 |   391 ||   410
Dodge: Dodged            |    29 |    44 |   135 |   268 |   347 |   544 |  1008 |   531 |   495 ||  3401
Block: Kite shield       |    69 |   109 |   290 |   553 |   830 |  1318 |  2339 |  1642 |  1391 ||  8541
       Reflection        |       |       |       |       |    21 |    54 |   108 |    93 |    99 ||   375
       Rpst.: Long sword |     9 |    17 |    28 |       |       |       |       |       |       ||    54
       Scimitar          |       |       |    11 |    58 |    81 |     5 |    16 |       |       ||   171
       Demon blade       |       |       |       |       |     2 |   129 |   148 |   102 |     3 ||   384
       Falchion          |       |       |       |       |       |       |     3 |       |       ||     3
       Double sword      |       |       |       |       |       |       |       |    16 |    55 ||    71
